 Dungeon Crawl Stone Soup version 0.28.0 (webtiles) character file.

Game seed: 9098034116748606620

4 shoop the Vexing (level 1, -1/19 HPs)
             Began as an Ogre Arcane Marksman on Feb 15, 2022.
             Slain by a jackal (2 damage)
             ... on level 1 of the Dungeon.
             The game lasted 00:00:56 (265 turns).

shoop the Vexing (Ogre Arcane Marksman)              Turns: 265, Time: 00:00:57

Health: -1/19      AC:  3    Str: 13    XL:     1   Next: 70%
Magic:  0/2        EV:  9    Int: 14    God:
Gold:   0          SH:  0    Dex:  9    Spells: 1/2 levels left

rFire   . . .      SeeInvis .   e - +0 dagger
rCold   . . .      Faith    .   (no shield)
rNeg    . . .      Spirit   .   a - +0 robe
rPois   .          Reflect  .   (helmet restricted)
rElec   .          Harm     .   (no cloak)
rCorr   .          Rampage  .   (gloves unavailable)
Will    .....                   (boots unavailable)
Stlth   +.........              (no amulet)
HPRegen 0.06/turn               (no ring)
MPRegen 0.08/turn               (no ring)

@: no status effects
A: large, unfitting armour, tough skin 1
a: no special abilities


You were on level 1 of the Dungeon.
You visited 1 branch of the dungeon, and saw 1 of its levels.

Inventory:

Hand Weapons
 e - a +0 dagger (weapon)
Missiles
 b - 4 large rocks
 c - a throwing net (quivered)
Armour
 a - a +0 robe (worn)
Potions
 d - a potion of lignification {unknown}


   Skills:
 - Level 1.3 Fighting
 + Level 2.1 Throwing
 + Level 1.9 Dodging
 + Level 0.2 Stealth
 - Level 1.2 Spellcasting
 + Level 2.7 Hexes


You had one spell level left.
You knew the following spells:

 Your Spells              Type           Power      Damage    Failure   Level
a - Slow                  Hex            32%        N/A       9%          1

Your spell library contained the following spells:

 Spells                   Type           Power      Damage    Failure   Level
 Inner Flame              Hex/Fire       4%         N/A       41%         3
 Portal Projectile        Hex/Tloc       8%         N/A       41%         3
 Cause Fear               Hex            4%         N/A       63%         4


Dungeon Overview and Level Annotations

Branches:
Dungeon (1/15)

Altars:


Innate Abilities, Weirdness & Mutations

You are too large for most types of armour.
You have tough skin. (AC +1)


Message History

Press: ? - help, Shift-Dir - straight line, f - jackal
Aim: a jackal (chance to affect: 63%)
You miscast Slow.
You are very lightly contaminated with residual magic.
Nothing appears to happen.
The jackal bites you. The jackal closely misses you.
You completely miss the jackal. The jackal barely misses you.
You hit the jackal.
The jackal is lightly wounded.
The jackal bites you but does no damage.
You barely miss the jackal.
The jackal is lightly wounded.
The jackal bites you.
* * * LOW HITPOINT WARNING * * *
The jackal bites you but does no damage.
You completely miss the jackal.
The jackal is lightly wounded.
The jackal bites you.
* * * LOW HITPOINT WARNING * * *
You hit the jackal.
The jackal is heavily wounded.
The jackal barely misses you. The jackal closely misses you.
You hit the jackal.
The jackal is almost dead.
The jackal barely misses you.
Your magical contamination has completely faded away.
You closely miss the jackal.
The jackal is almost dead.
The jackal bites you but does no damage.
You barely miss the jackal.
The jackal is almost dead.
The jackal bites you.
* * * LOW HITPOINT WARNING * * *
The jackal closely misses you.
Throw: 2 throwing nets
Press: ? - help, Q - select action, (/) - cycle Shift-Dir - straight line, f/p - jackal
Aim: a jackal (almost dead, 45% to hit)
You throw a throwing net.
The throwing net closely misses the jackal.
The jackal bites you.
You die...

#.#..K......# #(#
#..# #.# ######..#
#.# #.......# #.#
#....#.##
..#.###.###....#.##
..?hh...#.........###
#h#............
#@#.........###
#.###....#### #.#
#....# #.# #.###....#
#.# #.....#.## #.#
#######.# ##.#
########.# ##...
.........# ##..P.
########.#####.....


You could see a jackal.

Vanquished Creatures
  A hobgoblin (D:1)
  2 jackals (D:1)
  A kobold (D:1)
4 creatures vanquished.

Notes
Turn   | Place    | Note
-------+----------+-------------------------------------------
     0 | D:1      | shoop the Ogre Arcane Marksman began the quest for the Orb.
     0 | D:1      | Reached XP level 1. HP: 19/19 MP: 2/2
   265 | D:1      | Slain by a jackal

Illustrated notes

Levels and vault maps discovered:
D:1:      evilmike_arrival_plus, layout_loops_ring,
          hellmonk_ecumenical_altar_lost_god

Action                   || total
-------------------------++-------
Melee: Dagger            ||    30
       Unarmed           ||    10
Throw: Throwing net      ||     1
 Cast: Slow              ||     5
Armor: Robe              ||    19
Dodge: Dodged            ||    17
